 Dungeon Crawl Stone Soup version 0.28.0-47-ge53b351184 (webtiles) character file.

Game seed: 6634169541857133832

473 Exodus22XD the Thaumaturge (level 6, -4/32 HPs)
             Began as a Deep Elf Conjurer on Apr 29, 2022.
             Slain by Duvessa
             ... wielding a +0 short sword
              (17 damage)
             ... on level 4 of the Dungeon.
             The game lasted 00:07:10 (4605 turns).

Exodus22XD the Thaumaturge (Deep Elf Conjurer)      Turns: 4605, Time: 00:07:10

Health: -4/32      AC:  3    Str:  4    XL:     6   Next: 83%
Magic:  16/20      EV: 12    Int: 25    God:
Gold:   273        SH:  0    Dex: 13    Spells: 18/24 levels left

rFire   . . .      SeeInvis .   j - +2 dagger (venom)
rCold   . . .      Faith    .   (no shield)
rNeg    . . .      Spirit   .   a - +0 robe
rPois   .          Reflect  .   p - +0 hat
rElec   .          Harm     .   m - +0 cloak
rCorr   .          Rampage  .   (no gloves)
Will    .....                   (no boots)
Stlth   ++........              (no amulet)
HPRegen 0.10/turn               (no ring)
MPRegen 0.17/turn               (no ring)

@: no status effects
A: no striking features
a: no special abilities


You were on level 4 of the Dungeon.
You visited 2 branches of the dungeon, and saw 5 of its levels.

You collected 273 gold pieces.

Inventory:

Hand Weapons
 j - a +2 dagger of venom (weapon)
Missiles
 k - a throwing net
Armour
 a - a +0 robe (worn)
 m - a +0 cloak (worn)
 p - a +0 hat (worn)
 q - the +5 robe of Misfortune {Harm *Corrode *Slow EV+5}
   (You found it on level 4 of the Dungeon)

   EV:        It affects your evasion (+5).
   *Corrode:  It may corrode you when you take damage.
   *Slow:     It may slow you when you take damage.
   Harm:      It increases damage dealt and taken.
Scrolls
 c - 2 scrolls of blinking {unknown}
 d - 2 scrolls of identify {unknown}
 e - 2 scrolls of fog {unknown}
 l - a scroll of magic mapping {unknown}
Potions
 b - 2 potions of cancellation {unknown}
 f - a potion of haste {unknown}
 g - 3 potions of curing {unknown}
 h - 2 potions of berserk rage {unknown}
 i - a potion of ambrosia {unknown}
 n - a potion of might {unknown}
 o - a potion of heal wounds {unknown}


   Skills:
 - Level 2.4 Dodging
 - Level 2.4 Stealth
 + Level 9.9 Spellcasting
 - Level 4.3 Conjurations


You had 18 spell levels left.
You knew the following spells:

 Your Spells              Type           Power      Damage    Failure   Level
a - Magic Dart            Conj           100%       1d8       1%          1
b - Searing Ray           Conj           68%        2d6       1%          2
c - Stone Arrow           Conj/Erth      46%        3d9       6%          3

Your spell library contained the following spells:

 Spells                   Type           Power      Damage    Failure   Level
 Sandblast                Erth           24%        2d8       4%          1
 Dazzling Flash           Conj/Hex       46%        N/A       6%          3
 Passwall                 Tmut/Erth      10%        N/A       8%          2
 Fulminant Prism          Conj/Hex       11%        3d9       21%         4
 Iskenderun's Mystic Bla  Conj/Tloc      23%        2d6       21%         4


Dungeon Overview and Level Annotations

Branches:
Dungeon (4/15)             Temple (1/1) D:4

Altars:
Ashenzari
Cheibriados
Elyvilon
Fedhas
Gozag
Kikubaaqudgha
Makhleb
Qazlal
Trog
Wu Jian
Xom
The Shining One

Annotations:
D:4 Duvessa


Message History

The magic dart hits the hound skeleton!
The hound skeleton is almost destroyed.
The hound skeleton barely misses you.
Casting: Magic Dart (safe; 1% risk of failure)
Confirm with . or Enter, or press ? or * to list all spells.
Aiming: Magic Dart (safe; 1% risk of failure)
Press: ? - help, Shift-Dir - straight line, f/p - hound skeleton
Aim: a hound skeleton (almost destroyed, 100% to hit)
The magic dart hits the hound skeleton!
You destroy the hound skeleton!
Duvessa is nearby!
Magic restored.
Things that are here:
a +0 dagger; a +0 robe Duvessa is nearby!
Casting: Magic Dart (safe; 1% risk of failure)
Confirm with . or Enter, or press ? or * to list all spells.
Aiming: Searing Ray (safe; 1% risk of failure)
Press: ? - help, Shift-Dir - straight line, f - Duvessa
Aim: Duvessa, wielding a +0 short sword and wearing a +1 ring mail of cold resistance (wandering, hasn't noticed you, 86% to hit)
The searing ray hits Duvessa.
Duvessa is lightly wounded. (Press . to maintain the ray.) Duvessa goes berserk!
Duvessa rages.
The searing ray hits Duvessa!
Duvessa is moderately wounded.
The searing ray hits Duvessa.
Duvessa is moderately wounded.
Duvessa hits you with a +0 short sword. Duvessa closely misses you.
The searing ray hits Duvessa but does no damage.
Duvessa is moderately wounded.
You finish channelling your searing ray.
Duvessa hits you with a +0 short sword. Duvessa misses you.
Duvessa hits you with a +0 short sword!
Duvessa rages.
Duvessa hits you with a +0 short sword!
Ouch! That really hurt!
You die...

####.##..######.....#...
#.#.####..#.............
....## ##....)..........
.....# ##.####..........
.....# #..# ##..^......
#....###..# #......##.
#.....#..## ##......#..
#........#####..........
............#...@......#
......####......e...#...
...#..# ####......###..
..###..# ###....# .. ..#
#..# ##...## .## ##..#
#....# ## #.# #$....# ..
......# #.# #..#....#


You could see Duvessa (berserk).

Vanquished Creatures
  2 necrophages (D:4)
  An ogre (D:4)
  Dowan (D:4)
  A hound (D:2)
  A centaur skeleton (D:4)
  2 hound skeletons (D:4)
  3 adders
  A worm (D:3)
  3 dart slugs
  An orc (D:3)
  7 bats
  6 endoplasms
  3 giant cockroaches
  7 goblins
  4 hobgoblins
  4 kobolds
  4 quokkas
  6 ball pythons
  A frilled lizard (D:3)
  7 rats
65 creatures vanquished.

Notes
Turn   | Place    | Note
-------+----------+-------------------------------------------
     0 | D:1      | Exodus22XD the Deep Elf Conjurer began the quest for the
                  | Orb.
     0 | D:1      | Reached XP level 1. HP: 10/10 MP: 6/6
   372 | D:1      | Reached skill level 4 in Spellcasting
   372 | D:1      | Reached XP level 2. HP: 15/15 MP: 5/9
   375 | D:1      | Learned a level 2 spell: Searing Ray
  1031 | D:2      | Reached skill level 5 in Spellcasting
  1031 | D:2      | Reached XP level 3. HP: 19/19 MP: 5/11
  1481 | D:2      | Reached skill level 6 in Spellcasting
  1481 | D:2      | Reached XP level 4. HP: 24/24 MP: 8/14
  1655 | D:2      | You fall into a shaft and drop 2 floors!
  1969 | D:3      | Found a snail-covered altar of Cheibriados.
  2358 | D:2      | Found a faded altar of an unknown god.
  2896 | D:3      | Found a white marble altar of Elyvilon.
  3570 | D:4      | Learned a level 3 spell: Stone Arrow
  3616 | D:4      | Noticed an ogre
  3621 | D:4      | Noticed a necrophage
  3623 | D:4      | Killed an ogre
  3624 | D:4      | Reached skill level 7 in Spellcasting
  3624 | D:4      | Reached XP level 5. HP: 28/28 MP: 11/17
  3628 | D:4      | Killed a necrophage
  3629 | D:4      | Reached skill level 8 in Spellcasting
  3629 | D:4      | Reached XP level 6. HP: 29/32 MP: 5/19
  3720 | D:4      | Found a burning altar of Makhleb.
  3923 | D:4      | Found the +5 robe of Misfortune {Harm *Corrode *Slow EV+5}
  3932 | D:4      | Reached skill level 9 in Spellcasting
  4173 | D:4      | Found a staircase to the Ecumenical Temple.
  4181 | Temple   | Entered the Ecumenical Temple
  4490 | D:4      | Noticed Dowan
  4490 | D:4      | Noticed Duvessa
  4504 | D:4      | Killed Dowan
  4605 | D:4      | Slain by Duvessa

Illustrated notes

Levels and vault maps discovered:
D:1:      ebering_hopf_link, layout_basic, serial_park_tiny_1
D:2:      layout_loops_corners, dreamdust_ecumenical_altar_angels_and_demons,
          minmay_misc_feat_rows, minmay_misc_feat_columns, chequers_jeans
D:3:      layout_loops_ring, kennysheep_slug_shrine, amcnicky_altar_gilded,
          serial_co_window_serial, co_window_cross_1,
          co_window_of_opportunity_a, co_window_paths_a, co_window_paths_a,
          co_window_of_opportunity_a, co_window_of_opportunity_a,
          co_window_paths_a, co_window_unsneaky_path_c, co_window_broadway_c,
          co_window_2corner, glass_columns_b, glass_columns_b, glass_columns_b
D:4:      layout_layer_cave, makhleb_blood_cavern_becter,
          minmay_temple_entry_glassed_door, uniq_duvessa,
          uniq_crazy_yiuf_cottage
Temple:   compressed_dpeg_triangle_lava_temple

Skill      XL: |  1  2  3  4  5  6 |
---------------+-------------------+-----
Spellcasting   | 4 5 6 7 8 9 |  9.9
Dodging        | |  2.4
Stealth        | |  2.4
Conjurations   | |  4.3

Action                   |  1- 3 |  4- 6 || total
-------------------------+-------+-------++-------
 Cast: Magic Dart        |    54 |    73 ||   127
       Searing Ray       |     2 |     7 ||     9
Armor: Robe              |     3 |     2 ||     5
Dodge: Dodged            |    10 |    11 ||    21
